Map: Dusk Towers

Players

Happy - Winner!

  • Race: Terran Terran
  • League: Grandmaster

SortOf

  • Race: Zerg Zerg
  • League: Grandmaster

Event: 2016 WCS Winter Challenger Europe

VOD

Have the link to the VOD?

Description

Time

  • Played on: Feb. 13, 2016, 10:11 a.m.
  • Length: 10:51

All games in this series

Show
View Real Time Build Order
Export as new Build Order

Happy Terran - Winner!

Build Orders: Liberator Opening, Reaper Expand, MMM Bio 

Get SALT Encoding   

  12  0:00  SCV  
  13  0:13  SCV  
  14  0:17  Supply Depot  
  14  0:25  SCV  
  15  0:39  SCV  
  15  0:40  Barracks  
  16  0:45  Refinery  
  16  0:51  SCV  
  17  1:03  SCV  
  18  1:18  SCV  
  18  1:19  Refinery  
  19  1:30  Reaper  
  19  1:31  Orbital Command  
  20  1:48  Command Center  
  20  1:56  SCV  
  20  2:00  Supply Depot  
  21  2:08  SCV  
  21  2:12  Factory  
  22  2:18  Barracks Reactor  
  22  2:21  SCV  
  23  2:33  SCV  
  24  2:45  SCV  
  25  2:57  Starport  
  25  3:00  Supply Depot, SCV, Orbital Command  
  25  3:02  Marine  
  25  3:03  Hellion  
  29  3:12  Hellion  
  31  3:14  SCV  
  32  3:21  Marine  
  32  3:25  Hellion  
  32  3:26  SCV  
  36  3:32  SCV  
  36  3:34  Medivac  
  39  3:35  Hellion  
  39  3:38  Armory  
  39  3:39  SCV  
  42  3:41  Marine  
  42  3:46  Hellion  
  42  3:47  SCV  
  46  3:48  Liberator  
  46  3:52  SCV  
  46  3:55  Supply Depot  
  47  3:59  SCV  
  48  4:04  SCV  
  52  4:11  SCV  
  53  4:19  Command Center  
  53  4:22  Supply Depot  
  53  4:23  SCV  
  54  4:25  SCV  
  54  4:26  Factory Tech Lab  
  54  4:28  Marine  
  56  4:43  Marine  
  57  4:46  Siege Tank, Marine  
  61  5:03  Marine  
  61  5:04  Marine  
  55  5:14  Barracks  
  55  5:16  Barracks, Engineering Bay x2  
  55  5:18  Siege Tank  
  55  5:21  Liberator, Marine  
  56  5:22  Marine  
  56  5:23  SCV  
  56  5:28  Barracks  
  59  5:29  Barracks  
  59  5:31  Refinery  
  59  5:32  Refinery  
  62  5:43  Marine x2  
  62  5:47  Orbital Command  
  64  5:51  Terran Infantry Weapons Level 1  
  64  5:53  SCV x2  
  66  5:57  Terran Infantry Armor Level 1  
  66  6:03  Marine x2  
  65  6:04  Barracks Tech Lab x2  
  65  6:05  SCV  
  65  6:06  SCV  
  67  6:12  Supply Depot  
  67  6:16  Supply Depot, Orbital Command  
  67  6:17  SCV  
  67  6:18  SCV  
  70  6:20  Barracks Reactor  
  70  6:21  Barracks Reactor  
  69  6:25  Starport Reactor  
  69  6:29  Marine x2  
  69  6:30  Stimpack  
  69  6:31  SCV x2  
  73  6:35  Supply Depot  
  73  6:37  Combat Shields  
  73  6:39  Marine  
  74  6:42  SCV  
  74  6:43  SCV x2  
  77  6:48  Marine x2  
  79  6:54  SCV  
  79  6:55  SCV x2  
  79  6:57  Supply Depot  
  79  6:58  Marine x2  
  79  6:59  Supply Depot, Marine  
  85  7:06  SCV, Barracks  
  85  7:07  Marine  
  85  7:08  SCV x2  
  89  7:11  Supply Depot  
  89  7:18  SCV, Marine x2  
  89  7:19  Marauder  
  89  7:20  SCV  
  89  7:22  SCV  
  96  7:24  Marine  
  96  7:25  Supply Depot  
  96  7:27  Marine  
  96  7:28  Medivac  
  100  7:30  SCV  
  100  7:31  Medivac  
  100  7:32  SCV  
  100  7:35  SCV, Marine  
  100  7:36  Marine x3  
  109  7:42  SCV  
  109  7:44  Refinery, Supply Depot, SCV  
  109  7:47  SCV  
  111  7:53  Terran Infantry Weapons Level 2  
  111  7:54  Terran Infantry Armor Level 2  
  111  7:55  SCV  
  112  7:59  Marine x2  
  112  8:00  Marine  
  112  8:01  Marauder x2, Barracks Tech Lab, Marine x2  
  112  8:02  Concussive Shells  
  112  8:03  SCV  
  122  8:06  SCV, Marine  
  122  8:07  SCV  
  122  8:10  Medivac  
  122  8:12  Medivac  
  129  8:15  Refinery  
  129  8:17  Marine x3  
  129  8:18  Marine  
  129  8:19  Marine  
  134  8:22  Supply Depot  
  134  8:23  Supply Depot  
  134  8:33  Supply Depot  
  134  8:34  Supply Depot  
  134  8:36  Marine x2  
  134  8:37  Marauder, Command Center, Marine x2  
  140  8:47  Marine  
  139  8:49  Marine x2  
  139  8:50  Marauder  
  139  8:54  Marine  
  144  8:55  Medivac  
  144  8:56  Marine x2  
  144  8:57  Marine  
  144  8:58  Marauder, SCV  
  144  9:01  SCV  
  153  9:05  Marine  
  153  9:07  Marine  
  153  9:08  Marauder  
  157  9:11  Marauder, SCV x2  
  157  9:14  Medivac, Marine x3  
  166  9:18  Supply Depot  
  166  9:19  Supply Depot  
  166  9:20  Marauder  
  168  9:25  Medivac  
  168  9:29  Marauder  
  169  9:32  SCV, Marine x3  
  169  9:33  Marauder, SCV x2  
  177  9:40  Ghost Academy, Barracks  
  177  9:41  Marauder  
  177  9:42  Marine x2  
  177  9:45  SCV  
  178  9:47  Medivac, Marine  
  178  9:48  SCV  
  178  9:49  Planetary Fortress  
  178  9:51  SCV  
  185  9:55  Medivac  
  187  10:00  Starport  
  187  10:02  Starport  
  185  10:18  Command Center  
  185  10:19  Marine  
  185  10:20  Marauder x2  
  190  10:26  Marine x2  
  190  10:27  Marauder  
  176  10:32  Marine  
  168  10:43  Barracks Tech Lab  
  168  10:47  Starport Tech Lab, Starport Reactor  
Show
View Real Time Build Order
Export as new Build Order

SortOf Zerg 

Build Orders: Hatch First 

Get SALT Encoding   

  12  0:00  Drone  
  13  0:12  Overlord  
  13  0:17  Drone  
  14  0:31  Drone x2  
  16  0:36  Drone  
  17  0:46  Drone  
  18  0:57  Hatchery  
  18  1:00  Drone  
  18  1:08  Drone  
  18  1:09  Extractor  
  18  1:18  Drone  
  18  1:24  Spawning Pool  
  18  1:28  Drone  
  19  1:40  Overlord  
  19  1:50  Drone  
  20  2:01  Drone  
  21  2:10  Queen  
  21  2:11  Zergling x2  
  21  2:12  Zergling x2  
  21  2:14  Metabolic Boost, Queen  
  27  2:20  Drone  
  28  2:24  Drone  
  29  2:32  Zergling x2  
  29  2:44  Zergling x2  
  29  2:46  Queen  
  33  2:52  Drone  
  33  2:54  Overlord  
  33  2:56  Drone x2  
  34  3:04  Drone  
  35  3:11  Overlord  
  35  3:14  Drone  
  35  3:19  Drone  
  38  3:20  Drone x2  
  38  3:21  Drone  
  38  3:24  Drone x3  
  43  3:31  Drone  
  44  3:39  Hatchery  
  44  3:40  Drone  
  44  3:44  Overlord  
  44  3:47  Overlord  
  44  3:52  Drone  
  44  3:53  Drone, Roach Warren  
  44  3:54  Extractor  
  44  3:55  Queen  
  44  4:01  Overlord x2  
  45  4:06  Drone x2  
  45  4:07  Drone  
  48  4:13  Zergling x2  
  48  4:14  Zergling x4  
  51  4:20  Spore Crawler  
  50  4:25  Queen  
  50  4:26  Zergling x2  
  50  4:27  Zergling x8  
  57  4:37  Roach  
  57  4:38  Roach x3  
  65  4:40  Roach  
  68  4:48  Roach  
  68  4:51  Roach  
  71  4:53  Evolution Chamber  
  71  4:54  Evolution Chamber  
  68  5:05  Drone x2  
  55  5:14  Drone x2  
  55  5:17  Ravager x3  
  55  5:18  Drone x3  
  63  5:26  Drone  
  64  5:34  Drone x2  
  65  5:41  Drone  
  65  5:42  Drone x3  
  69  5:49  Overlord  
  69  5:54  Overlord, Zerg Ground Armor Level 1  
  69  5:55  Drone x3  
  72  5:58  Extractor  
  66  6:10  Ravager  
  66  6:12  Extractor  
  66  6:15  Hatchery  
  64  6:25  Drone x10  
  74  6:29  Zerg Melee Weapons Level 1  
  74  6:34  Zergling x4  
  77  6:40  Drone x2  
  77  6:45  Lair  
  78  6:48  Hatchery  
  78  6:51  Zergling x2  
  78  6:52  Roach  
  78  6:53  Roach x2  
  84  6:56  Drone  
  84  6:57  Hatchery, Drone  
  85  7:05  Roach x3  
  91  7:10  Overlord  
  91  7:20  Overlord, Drone  
  92  7:32  Drone x3  
  92  7:33  Drone x5  
  100  7:42  Overlord  
  99  7:46  Infestation Pit  
  99  7:47  Glial Reconstitution, Extractor x2  
  99  7:49  Roach x5  
  105  7:51  Overlord x2  
  105  7:57  Zerg Ground Armor Level 2  
  105  8:07  Roach x5  
  105  8:10  Ravager  
  105  8:12  Overseer  
  116  8:16  Drone x4, Zergling x2  
  116  8:17  Drone x2  
  123  8:24  Drone x4  
  123  8:25  Drone  
  128  8:28  Pathogen Glands  
  128  8:31  Zerg Melee Weapons Level 2  
  128  8:36  Zergling x8  
  128  8:37  Zergling x2  
  128  8:41  Zergling x6  
  131  8:52  Zergling x8  
  131  8:53  Overlord x3  
  135  8:57  Overlord  
  135  9:01  Hive  
  134  9:11  Overlord  
  134  9:14  Ravager x6  
  134  9:15  Zergling x18  
  134  9:16  Zergling x2  
  147  9:20  Ravager  
  147  9:21  Zergling x4  
  147  9:22  Zergling x4  
  148  9:29  Zergling x8  
  152  9:31  Infestor x2  
  152  9:35  Zergling x8  
  160  9:39  Zergling x6  
  156  9:46  Zergling x4  
  156  9:47  Zergling x4  
  156  9:50  Infestor x2  
  156  9:52  Overlord  
  164  10:00  Zergling x2  
  164  10:01  Zergling x16  
  173  10:08  Overlord  
  173  10:09  Zergling x4  
  175  10:16  Zergling x8  
  175  10:17  Ultralisk Cavern, Zergling x6  
  143  10:28  Zergling x2  
  143  10:33  Zergling x10  
  143  10:34  Zergling x14  
Tags
 
Add a new tag
Caveats
  • Supply blocks, unpowered buildings, or Contaminate may cause inaccurate times.
  • Supply counts are checked every 10 seconds.